Map: Deathaura LE

Players

MCanning

  • Race: Protoss Protoss
  • Spawn Location: 11:00

DisK - Winner!

  • Race: Protoss Protoss
  • League: Grandmaster
  • Spawn Location: 5:00

Event: DreamHack SC2 Masters 2020 Fall

VOD

Have the link to the VOD?

Description

Time

  • Played on: Sept. 4, 2020, 5:16 p.m.
  • Length: 18:35

All games in this series

Show
View Real Time Build Order
Export as new Build Order

MCanning Protoss 

Build Orders:  

Get SALT Encoding   

  12  0:00  Probe  
  13  0:12  Probe  
  14  0:17  Pylon  
  14  0:24  Probe  
  15  0:36  Gateway  
  15  0:37  Probe (Chrono Boost)  
  16  0:46  Probe (Chrono Boost)  
  16  0:47  Assimilator  
  17  0:51  Probe (Chrono Boost)  
  17  0:55  Assimilator  
  18  1:03  Probe (Chrono Boost)  
  19  1:10  Gateway  
  19  1:14  Probe (Chrono Boost)  
  20  1:19  Probe (Chrono Boost)  
  20  1:24  Cybernetics Core  
  21  1:30  Probe  
  22  1:35  Pylon  
  22  1:42  Probe  
  23  1:50  Unknown x2  
  23  1:51  Unknown  
  23  1:54  Probe  
  23  2:00  Warp Gate (Chrono Boost), Stalker x2  
  28  2:12  Pylon  
  28  2:16  Probe  
  29  2:31  Sentry x2  
  33  2:46  Nexus  
  33  2:54  Shield Battery  
  33  2:56  Probe  
  34  3:05  Shield Battery  
  34  3:08  Probe  
  34  3:11  Sentry  
  36  3:20  Pylon, Probe (Chrono Boost)  
  37  3:27  Robotics Facility  
  37  3:30  Probe (Chrono Boost)  
  38  3:35  Probe (Chrono Boost)  
  38  3:38  Shield Battery  
  39  3:45  Adept x2  
  39  3:47  Probe  
  44  4:02  Probe (Chrono Boost)  
  46  4:03  Probe (Chrono Boost)  
  46  4:08  Forge  
  46  4:12  Probe (Chrono Boost)  
  46  4:14  Probe (Chrono Boost)  
  46  4:16  Observer  
  46  4:17  Probe (Chrono Boost)  
  49  4:19  Shield Battery  
  49  4:23  Stalker  
  52  4:24  Probe  
  52  4:28  Probe  
  52  4:30  Pylon  
  54  4:34  Protoss Ground Weapons Level 1  
  54  4:35  Shield Battery  
  54  4:36  Probe  
  55  4:41  Probe  
  51  4:47  Stalker  
  51  4:48  Probe  
  54  4:53  Probe  
  54  4:59  Twilight Council  
  55  5:00  Probe  
  55  5:05  Probe  
  57  5:07  Immortal (Chrono Boost)  
  57  5:09  Assimilator  
  57  5:13  Probe  
  62  5:17  Probe  
  62  5:19  Pylon  
  63  5:25  Probe  
  63  5:26  Gateway  
  64  5:29  Assimilator, Probe  
  64  5:33  Blink (Chrono Boost)  
  65  5:36  Gateway  
  65  5:37  Probe  
  66  5:44  Stalker x2  
  66  5:46  Probe  
  71  5:59  Robotics Bay  
  71  6:03  Nexus  
  71  6:07  Pylon  
  71  6:08  Probe  
  72  6:16  Adept  
  74  6:19  Probe  
  74  6:25  Probe  
  74  6:29  Stalker x2  
  74  6:31  Probe  
  74  6:32  Protoss Ground Weapons Level 2 (Chrono Boost)  
  79  6:33  Shield Battery  
  79  6:37  Probe  
  80  6:41  Gateway, Dark Shrine  
  80  6:43  Observer (Chrono Boost)  
  80  6:44  Probe  
  82  6:50  Pylon  
  82  6:56  Probe  
  82  7:00  Photon Cannon  
  83  7:04  Probe  
  83  7:05  Disruptor (Chrono Boost)  
  87  7:09  Robotics Facility  
  87  7:14  Pylon  
  87  7:20  Probe  
  87  7:21  Probe  
  89  7:24  Stalker, Photon Cannon  
  89  7:26  Zealot, Charge (Chrono Boost)  
  93  7:32  Probe  
  93  7:33  Disruptor (Chrono Boost)  
  99  7:43  Zealot  
  99  7:44  Zealot x2  
  103  7:49  Shield Battery  
  100  8:00  Stalker x2  
  100  8:02  Disruptor  
  107  8:05  Photon Cannon, Pylon  
  107  8:06  Pylon  
  107  8:10  Zealot x2  
  111  8:17  Zealot  
  111  8:19  Probe  
  105  8:20  Probe  
  105  8:22  Assimilator  
  105  8:24  Assimilator  
  104  8:27  Probe  
  104  8:29  Zealot  
  104  8:32  Probe x2  
  104  8:33  Pylon  
  101  8:36  Shield Battery  
  101  8:39  Zealot  
  101  8:40  Zealot, Probe  
  100  8:43  Disruptor (Chrono Boost)  
  100  8:44  Probe  
  100  8:45  Disruptor (Chrono Boost), Probe  
  108  8:59  Dark Templar  
  108  9:00  Shadow Stride  
  110  9:03  Dark Templar, Pylon  
  112  9:10  Photon Cannon  
  112  9:11  Disruptor, Pylon  
  112  9:14  Dark Templar  
  117  9:20  Zealot x2  
  117  9:24  Disruptor  
  117  9:25  Photon Cannon  
  120  9:34  Probe  
  120  9:36  Zealot x2  
  124  9:42  Probe  
  124  9:44  Probe  
  120  9:47  Disruptor  
  120  9:48  Probe  
  120  9:51  Stalker x3  
  128  9:56  Probe  
  128  9:57  Protoss Ground Weapons Level 3 (Chrono Boost)  
  128  9:58  Archon  
  125  10:11  Nexus  
  125  10:13  Pylon  
  125  10:14  Disruptor  
  125  10:17  Probe  
  125  10:20  Dark Templar  
  131  10:24  Disruptor  
  134  10:33  Dark Templar  
  132  10:36  Photon Cannon  
  132  10:38  Photon Cannon  
  132  10:43  Zealot, Dark Templar x2  
  135  10:55  Probe  
  135  10:56  Dark Templar  
  135  11:08  Stalker x2  
  137  11:16  Gateway  
  137  11:17  Gateway  
  140  11:19  Gateway  
  140  11:20  Pylon  
  140  11:21  Pylon  
  140  11:23  Stalker x2  
  140  11:25  Disruptor (Chrono Boost)  
  142  11:31  Observer (Chrono Boost)  
  143  11:38  Probe  
  144  11:46  Stalker  
  146  11:52  Assimilator  
  146  11:54  Dark Templar x2  
  146  11:56  Warp Prism (Chrono Boost), Shield Battery  
  146  11:57  Assimilator  
  146  11:58  Pylon  
  146  12:01  Photon Cannon  
  152  12:03  Zealot, Photon Cannon  
  152  12:05  Probe  
  155  12:11  Zealot  
  155  12:13  Dark Templar x3  
  163  12:24  Pylon, Stalker x2  
  163  12:29  Protoss Shields Level 1 (Chrono Boost)  
  167  12:30  Dark Templar  
  167  12:31  Disruptor  
  172  12:42  Stalker x2  
  172  12:44  Disruptor  
  175  12:51  Stalker x4  
  175  12:54  Zealot  
  185  13:10  Zealot x3  
  189  13:17  Zealot, Archon  
  189  13:18  Zealot x4  
  197  13:33  Nexus  
  198  13:35  Pylon  
  198  13:40  Disruptor (Chrono Boost)  
  184  13:51  Archon  
  174  14:01  Disruptor  
  167  14:06  Dark Templar x2  
  167  14:07  Zealot x5  
  167  14:08  Zealot  
  167  14:09  Disruptor  
  173  14:12  Probe  
  145  14:37  Disruptor  
  132  14:39  Stalker x3  
  132  14:40  Stalker  
  132  14:41  Probe  
  132  14:45  Disruptor  
  105  14:56  Stalker  
  105  14:57  Stalker x3  
  105  14:58  Probe  
  98  15:13  Observer  
  95  15:21  Observer  
  95  15:25  Dark Templar x3  
  91  15:34  Disruptor  
  91  15:35  Stalker x2  
  90  15:42  Disruptor  
  83  15:51  Dark Templar  
  81  15:58  Probe  
  81  16:02  Observer  
  81  16:03  Probe  
  83  16:08  Dark Templar  
  86  16:13  Disruptor (Chrono Boost)  
  86  16:16  Probe (Chrono Boost)  
  86  16:17  Probe (Chrono Boost)  
  86  16:19  Probe (Chrono Boost)  
  88  16:27  Probe (Chrono Boost)  
  83  16:33  Dark Templar x2  
  83  16:36  Observer (Chrono Boost)  
  88  16:45  Zealot x2  
  92  16:54  Probe  
  93  16:59  Zealot  
  77  17:30  Disruptor (Chrono Boost)  
  51  18:01  Disruptor (Chrono Boost)  
Show
View Real Time Build Order
Export as new Build Order

DisK Protoss - Winner!

Build Orders: Zealot Archon 

Get SALT Encoding   

  12  0:00  Probe  
  13  0:12  Probe  
  14  0:18  Pylon  
  14  0:24  Probe  
  15  0:36  Gateway  
  15  0:37  Probe (Chrono Boost)  
  16  0:46  Probe (Chrono Boost)  
  16  0:47  Assimilator  
  17  0:52  Probe (Chrono Boost)  
  17  0:55  Assimilator  
  18  1:04  Probe (Chrono Boost)  
  19  1:07  Gateway  
  19  1:15  Probe (Chrono Boost)  
  20  1:20  Probe (Chrono Boost)  
  20  1:23  Cybernetics Core  
  21  1:30  Probe  
  22  1:33  Pylon  
  22  1:42  Probe  
  23  1:54  Probe  
  23  1:59  Stalker x2  
  23  2:00  Warp Gate  
  28  2:07  Probe  
  29  2:10  Pylon  
  29  2:29  Stalker  
  33  2:35  Sentry  
  32  2:46  Nexus  
  32  2:53  Pylon  
  32  2:55  Probe  
  33  3:07  Sentry, Probe (Chrono Boost)  
  36  3:16  Shield Battery  
  36  3:19  Probe (Chrono Boost)  
  37  3:22  Robotics Facility  
  38  3:27  Probe (Chrono Boost)  
  38  3:34  Probe (Chrono Boost)  
  39  3:45  Probe (Chrono Boost)  
  39  3:48  Adept x2  
  44  3:50  Probe (Chrono Boost)  
  44  3:54  Forge  
  46  4:03  Probe (Chrono Boost)  
  46  4:05  Probe (Chrono Boost)  
  47  4:15  Probe (Chrono Boost)  
  49  4:18  Probe (Chrono Boost)  
  49  4:23  Probe (Chrono Boost)  
  50  4:24  Sentry  
  50  4:25  Stalker  
  50  4:28  Warp Prism  
  50  4:29  Protoss Ground Weapons Level 1, Probe (Chrono Boost)  
  50  4:31  Probe (Chrono Boost)  
  57  4:34  Phoenix  
  58  4:43  Probe  
  55  4:48  Adept x2  
  59  4:53  Probe  
  59  4:55  Probe  
  59  5:00  Gateway  
  59  5:03  Twilight Council, Gateway  
  59  5:08  Pylon  
  59  5:09  Observer (Chrono Boost)  
  59  5:13  Probe x2  
  62  5:17  Assimilator  
  62  5:18  Assimilator  
  62  5:22  Pylon  
  62  5:28  Probe x2  
  64  5:32  Immortal  
  68  5:41  Charge  
  68  5:44  Probe x2  
  70  5:52  Zealot x2  
  70  5:55  Pylon  
  74  6:07  Zealot x2  
  74  6:10  Nexus  
  78  6:13  Probe x2  
  80  6:26  Immortal  
  80  6:30  Templar Archives  
  80  6:38  Gateway  
  80  6:39  Gateway  
  80  6:47  Gateway, Probe x2  
  82  6:49  Protoss Ground Weapons Level 2 (Chrono Boost), Gateway  
  82  6:51  Pylon  
  82  6:59  Probe x2  
  84  7:11  High Templar x4  
  84  7:13  Probe x2  
  94  7:16  Archon x2  
  94  7:18  Pylon  
  94  7:19  Pylon  
  94  7:32  Robotics Bay  
  94  7:33  Zealot x2  
  94  7:35  Probe x3  
  101  7:37  Pylon  
  99  8:01  Probe x2  
  99  8:02  Probe  
  102  8:06  Zealot x5  
  102  8:07  Zealot x3  
  102  8:10  Assimilator x2, Photon Cannon  
  118  8:19  Disruptor, Probe x3  
  117  8:22  Robotics Facility  
  104  8:33  Probe x2  
  100  8:35  Zealot x2, High Templar x2  
  100  8:36  Zealot x3  
  108  8:42  Archon  
  108  8:43  Probe  
  108  8:45  Probe x2  
  108  8:46  Disruptor  
  112  8:56  Zealot x5  
  112  9:01  Zealot  
  112  9:02  Probe x3  
  127  9:05  Pylon  
  127  9:08  Protoss Ground Weapons Level 3 (Chrono Boost)  
  127  9:13  Pylon  
  127  9:14  Pylon  
  127  9:22  Photon Cannon  
  127  9:25  Photon Cannon  
  127  9:43  Disruptor  
  125  9:49  Photon Cannon  
  125  9:50  Shield Battery  
  115  9:53  Disruptor  
  115  9:54  Photon Cannon  
  115  9:56  Nexus  
  118  10:07  Zealot, High Templar x6  
  120  10:08  Zealot  
  120  10:12  Archon x2  
  120  10:13  Archon, Photon Cannon  
  134  10:15  Shield Battery  
  134  10:18  Probe x3  
  134  10:19  Disruptor  
  140  10:33  Probe x3  
  137  10:39  Zealot x2  
  139  10:52  Pylon  
  139  10:53  Pylon  
  139  11:03  Disruptor  
  139  11:04  Disruptor  
  139  11:10  Dark Shrine  
  139  11:11  Zealot x3  
  142  11:17  Nexus  
  142  11:19  Nexus  
  141  11:32  Pylon  
  141  11:34  Zealot  
  141  11:35  Zealot x7, Pylon  
  157  11:50  Warp Prism, Disruptor  
  157  11:52  Pylon  
  160  11:57  Zealot x6  
  172  12:06  Photon Cannon  
  172  12:14  Photon Cannon  
  172  12:20  Gateway  
  172  12:22  Gateway  
  172  12:23  Disruptor (Chrono Boost)  
  178  12:33  Disruptor (Chrono Boost)  
  174  12:45  Assimilator, Probe x3  
  174  12:46  Assimilator  
  174  12:47  Shadow Stride (Chrono Boost)  
  177  12:54  Dark Templar x4  
  177  12:55  Zealot x4  
  193  13:01  Disruptor  
  193  13:04  Photon Cannon  
  196  13:06  Shield Battery  
  194  13:16  Disruptor  
  195  13:26  Gateway  
  195  13:28  Gateway  
  195  13:36  Photon Cannon  
  195  13:37  Photon Cannon  
  195  13:38  Shield Battery  
  195  13:39  Dark Templar  
  195  13:41  Dark Templar x2  
  183  13:49  Dark Templar x2  
  153  14:07  Probe x4  
  153  14:09  Zealot x2, Dark Templar x3  
  161  14:11  Dark Templar  
  161  14:19  Probe  
  138  14:38  Zealot x4  
  138  14:39  Zealot x2  
  138  14:40  Observer (Chrono Boost)  
  149  14:46  Probe x4  
  149  14:47  Observer (Chrono Boost)  
  147  15:06  Probe x3  
  147  15:07  Probe  
  110  15:47  High Templar  
  110  15:48  High Templar x9  
  127  15:52  Archon  
  127  15:53  Archon x4  
  127  15:58  Probe  
  127  15:59  Probe x3  
  131  16:11  Probe  
  131  16:15  Photon Cannon  
  131  16:17  Dark Templar x2  
  135  16:19  Probe  
  136  16:36  Probe x3 (Chrono Boost)  
  136  16:37  Probe (Chrono Boost)  
  140  16:48  Probe x4 (Chrono Boost)  
  144  17:03  Zealot, Dark Templar x2  
  144  17:04  Zealot x2  
  144  17:07  Probe x3  
  153  17:15  Dark Templar x2  
  124  17:49  Probe x3 (Chrono Boost)  
  124  17:50  Probe (Chrono Boost)  
  126  18:01  Probe x3 (Chrono Boost)  
  126  18:02  Probe (Chrono Boost)  
  126  18:05  Zealot x4  
  136  18:07  Zealot x3  

Tags
 
Add a new tag
Caveats
  • Supply blocks, unpowered buildings, or Contaminate may cause inaccurate times.
  • Supply counts are checked every 10 seconds.